 Dungeon Crawl Stone Soup version 0.30-a0-845-g7c6808c8ce (webtiles) character file.

Game seed: 2461429446443411924

1336 erthbison the Basher (level 8, 0/46 HPs)
             Began as a Gargoyle Fighter on Mar 3, 2023.
             Was a Believer of Okawaru.
             Slain by a killer bee (3 damage)
             ... on level 6 of the Dungeon.
             The game lasted 00:09:36 (5853 turns).

erthbison the Basher (Gargoyle Fighter)             Turns: 5853, Time: 00:09:36

Health: 0/46       AC: 13    Str: 22    XL:     8   Next: 61%
Magic:  8/8        EV:  9    Int:  9    God:    Okawaru [**....]
Gold:   239        SH:  5    Dex: 15    Spells: 7/7 levels left

rFire   . . .      SeeInvis .    F - +0 whip (venom)
rCold   . . .      Faith    .    c - +0 buckler
rNeg    + . .      Spirit   .    b - +0 scale mail
rPois   ∞          Reflect  .    (no helmet)
rElec   +          Rampage  .    (no cloak)
rCorr   .                        (no gloves)
Will    .....                    E - +0 pair of boots
Stlth   +                        (no amulet)
HPRegen 0.27/turn                y - ring of Shadows {Umbra +Inv Stlth+}
MPRegen 0.11/turn                C - +6 ring of dexterity

@: wreathed by umbra
A: sickness immunity, AC +5, negative energy resistance 1, electricity
resistance, torment resistance 1, petrification resistance
a: Renounce Religion, Evoke Invisibility, Heroism


You were on level 6 of the Dungeon.
You worshipped Okawaru.
Okawaru was pleased with you.
You visited 1 branch of the dungeon, and saw 7 of its levels.

You collected 239 gold pieces.

Inventory:

Hand Weapons
 a - a +1 whip of protection
 F - a +0 whip of venom (weapon)
Missiles
 h - 2 poisoned darts (quivered)
 s - 3 atropa-tipped darts
Armour
 b - a +0 scale mail (worn)
 c - a +0 buckler (worn)
 E - a +0 pair of boots (worn)
Jewellery
 o - a ring of protection from cold
 y - the ring of Shadows (left hand) {Umbra +Inv Stlth+}
   (You found it on level 5 of the Dungeon)

   [ring of stealth]

   Umbra:     It surrounds you with an aura of shadow, increasing your stealth
   and reducing the accuracy of all others within it.
   +Inv:      It lets you turn invisible.
   Stlth:     It makes you more stealthy.
 C - a +6 ring of dexterity (right hand)
Scrolls
 f - a scroll of poison {unknown}
 g - a scroll of fog {unknown}
 k - 2 scrolls of identify
 m - 2 scrolls of summoning {unknown}
 p - a scroll of blinking {unknown}
 q - a scroll of magic mapping {unknown}
 r - a scroll of silence {unknown}
 v - 2 scrolls of teleportation
 w - a scroll of amnesia {unknown}
 z - a scroll of noise {unknown}
 A - 2 scrolls of brand weapon
 B - 2 scrolls of enchant armour {unknown}
 D - 2 scrolls of enchant weapon {unknown}
Potions
 d - 2 potions of might
 e - 4 potions of lignification
 i - a potion of invisibility {unknown}
 j - 2 potions of flight
 l - 4 potions of haste
 n - a potion of mutation {unknown}
 t - a potion of attraction {unknown}
 u - a potion of curing {unknown}
 x - a potion of heal wounds {unknown}


   Skills:
 - Level 3.2 Fighting
 + Level 10.4 Maces & Flails
 - Level 3.2 Armour
 - Level 3.2 Shields


You had 7 spell levels left.
You didn't know any spells.
Your spell library contained the following spells:

 Spells                   Type           Power      Damage    Failure   Level
 Freeze                   Ice            0%         1d3       80%         1
 Ensorcelled Hibernation  Hex/Ice        0%         N/A       91%         2
 Static Discharge         Conj/Air       0%         2-2/arc   91%         2
 Dazzling Flash           Conj/Hex       0%         N/A       99%         3
 Frozen Ramparts          Ice            0%         1d1       99%         3
 Hailstorm                Conj/Ice       0%         3d3       99%         3
 Spider Form              Tmut/Pois      0%         N/A       99%         3
 Vhi's Electric Charge    Tloc/Air       0%         N/A       99%         3
 Anguish                  Hex/Necr       0%         N/A       100%        4
 Agony                    Necr           0%         N/A       100%        5
 Arcjolt                  Conj/Air       0%         1d10      100%        5
 Lightning Bolt           Conj/Air       0%         1d11      100%        5
 Silence                  Hex/Air        0%         N/A       100%        5


Dungeon Overview and Level Annotations

Branches:
Dungeon (7/15)             Temple (0/1) D:4

Altars:
Dithmenos
Gozag
Makhleb
Okawaru
Uskayaw
Vehumet

Shops:
D:3 :

Annotations:
D:5 exclusion: statue


Innate Abilities, Weirdness & Mutations

You are immune to sickness and miasma.
Your stone body is resilient. (AC +5)
You are immune to poison.
You resist negative energy. (rN+)
You are resistant to electric shocks. (rElec)
You are resistant to unholy torment.
You are immune to petrification.


Message History

You closely miss the orc priest.
The orc priest is lightly wounded.
You block the killer bee's attack. The killer bee closely misses you.
The ogre closely misses you. The orc priest barely misses you.
You closely miss the orc priest.
The orc priest is lightly wounded.
The killer bee stings you but does no damage.
The killer bee closely misses you. You block the killer bee's attack.
The killer bee stings you.
* * * LOW HITPOINT WARNING * * *
The orc priest closely misses you.
You hit the orc priest but do no damage.
The orc priest looks as sick as possible!
The orc priest is lightly wounded.
The killer bee stings you.
* * * LOW HITPOINT WARNING * * *
The killer bee completely misses you. You block the ogre's attack.
You hit the orc priest but do no damage.
The orc priest looks as sick as possible!
The orc priest is heavily wounded.
The killer bee closely misses you.
The killer bee stings you but does no damage.
The orc priest hits you but does no damage.
You barely miss the orc priest.
The orc priest is severely wounded.
The killer bee stings you but does no damage. x2
You closely miss the orc priest.
The orc priest is severely wounded.
The killer bee barely misses you.
The killer bee stings you but does no damage.
The orc priest completely misses you.
The ogre hits you with a +0 giant spiked club.
* * * LOW HITPOINT WARNING * * *
You block the killer bee's attack. The killer bee stings you.
* * * LOW HITPOINT WARNING * * *
You hit the orc priest.
You kill the orc priest!
Okawaru accepts your kill. The killer bee barely misses you.
The killer bee stings you.
You die...

### ###############.#######
#...........##.........
####.#########.###.#######
####.>......y..............#
#####....÷.....yOy..#.###.####.#
.........#...#.#@##.#.# #.# #.#
#.#............#)##.#.###.# #.#
....#.####...#)#..........# #.#
....#.# ##.##.#####..##### #.#
....#.# #.#..# #..# #.# ....#.#
#.#..# #..# #.# ......#
#.#..#####..########.##
#..##.#####....................<#
#..##..................#######..#


You could see an ogre and 3 killer bees.

Vanquished Creatures
  A water moccasin (D:6)
  2 black bears (D:6)
  An ogre (D:5)
  A phantom (D:6)
  2 scorpions
  Blork the orc (D:5)
  A killer bee (D:6)
  A howler monkey (D:6)
  A jelly (D:6)
  5 hounds
  2 orc priests
  2 sleepcaps (D:6)
  3 iguanas (D:5)
  2 orc wizards
  2 adders
  7 gnolls
  A shadow imp (D:6)
  A white imp (D:6)
  3 worms
  3 dart slugs
  23 orcs
  11 ball pythons
  2 bats (D:1)
  5 endoplasms
  7 giant cockroaches
  5 goblins
  6 hobgoblins
  2 jackals (D:1)
  11 kobolds
  3 quokkas
  A frilled lizard (D:2)
  6 rats
124 creatures vanquished.

Notes
Turn   | Place    | Note
-------+----------+-------------------------------------------
     0 | D:1      | erthbison the Gargoyle Fighter began the quest for the Orb.
     0 | D:1      | Reached XP level 1. HP: 14/14 MP: 1/1
   168 | D:1      | Reached XP level 2. HP: 4/19 MP: 2/2
   331 | D:1      | Reached skill level 3 in Maces & Flails
   501 | D:1      | Reached XP level 3. HP: 14/23 MP: 3/3
  1035 | D:2      | Reached skill level 4 in Maces & Flails
  1114 | D:2      | Reached XP level 4. HP: 28/28 MP: 4/4
  1900 | D:3      | Found Moehuser's Book Emporium.
  2188 | D:3      | Found an opulent altar of Gozag.
  2233 | D:3      | Found a hide-covered altar of Uskayaw.
  2269 | D:3      | Reached skill level 5 in Maces & Flails
  2269 | D:3      | Reached XP level 5. HP: 13/32 MP: 5/5
  2346 | D:3      | Found a burning altar of Makhleb.
  2349 | D:3      | Found an iron altar of Okawaru.
  2488 | D:3      | Became a worshipper of Warmaster Okawaru
  2754 | D:4      | Found a staircase to the Ecumenical Temple.
  2896 | D:4      | Reached skill level 6 in Maces & Flails
  3096 | D:4      | Found a shadowy altar of Dithmenos.
  3253 | D:5      | Entered Level 5 of the Dungeon
  3393 | D:5      | Reached XP level 6. HP: 37/37 MP: 6/6
  3444 | D:5      | Noticed Blork the orc
  3456 | D:5      | Killed Blork the orc
  3605 | D:5      | Reached skill level 7 in Maces & Flails
  3739 | D:5      | Found the ring of Shadows {Umbra +Inv Stlth+}
  3771 | D:5      | Reached XP level 7. HP: 36/41 MP: 7/7
  3808 | D:5      | Reached * piety under Okawaru
  4363 | D:5      | Found a radiant altar of Vehumet.
  4579 | D:6      | Reached skill level 8 in Maces & Flails
  4955 | D:6      | Reached skill level 9 in Maces & Flails
  4955 | D:6      | Reached XP level 8. HP: 33/46 MP: 8/8
  5117 | D:6      | Reached ** piety under Okawaru
  5192 | D:6      | Reached skill level 10 in Maces & Flails
  5852 | D:6      | HP: 2/46 [killer bee (6)]
  5853 | D:6      | Slain by a killer bee

Illustrated notes

Levels and vault maps discovered:
D:1:      dpeg_arrival_tiny_a, layout_loops_cross
D:2:      layout_basic, corexii_hall_statues_x
D:3:      layout_loops_ring, nicolae_gozag_seed_capital,
          minmay_overflow_temple_star_quad, serial_shops,
          nicolae_shop_hallway_plus, feat_on_display
D:4:      layout_basic, kennysheep_mini, temple_fountains
D:5:      layout_loops_corners, vehumet_statue, corner_web_ring,
          hangedman_abyss_or_decor_stabs, nrook_pool_corridor,
          uniq_blork_the_orc
D:6:      layout_loops_ring
D:7:      gammafunk_steamed_eel, layout_rooms, nicolae_overflow_crystal_walls,
          ashenzari_conservatory_becter, amethyst_overflow_temple_binary

Skill      XL: |  1  2  3  4  5  6  7  8 |
---------------+-------------------------+-----
Maces & Flails | 3 4 5 6 7 9 10 | 10.4
Fighting       | |  3.2
Armour         | |  3.2
Shields        | |  3.2

Action                     |  1- 3 |  4- 6 |  7- 9 || total
---------------------------+-------+-------+-------++-------
  Melee: Flail             |   113 |    51 |       ||   164
         Whip              |       |   133 |   203 ||   336
    Use: Scroll            |       |       |     5 ||     5
 Armour: Scale mail        |    87 |    93 |    67 ||   247
  Dodge: Dodged            |    61 |    55 |    80 ||   196
  Block: Buckler           |    29 |    23 |    38 ||    90

Table legend: (Time is in decaauts)
 A = Elapsed time spent in this place.
 B = Non-inter-level travel time spent in this place.
 C = Inter-level travel time spent in this place.
 D = Time resting spent in this place.
 E = Time spent auto-exploring this place.
 F = Levels seen in this place.
 G = Mean time per level.
                   A        B        C        D        E       F      G
               +--------+--------+--------+--------+--------+-----+--------+
         Total |   5826 |   5098 |    728 |      0 |   3863 |   7 |  832.3 |
       Dungeon |   5826 |   5098 |    728 |      0 |   3863 |   7 |  832.3 |
               +--------+--------+--------+--------+--------+-----+--------+

Top non-repeatable levels by time:
     D:5: 1236 daAuts
     D:6: 1175 daAuts
     D:2: 990 daAuts
     D:1: 903 daAuts
     D:3: 886 daAuts
     D:4: 607 daAuts
     D:7: 25 daAuts
